Map: Acropolis LE

Players

Smeeeger - Winner!

  • Race: Terran Terran
  • League: Platinum
  • Spawn Location: 11:00

BilboBaggins

  • Race: Protoss Protoss
  • League: Silver
  • Spawn Location: 5:00

VOD

Have the link to the VOD?

Description

Time

  • Played on: July 25, 2019, 7:44 a.m.
  • Length: 11:19
Show
View Real Time Build Order
Export as new Build Order

Smeeeger Terran - Winner!

Build Orders:  

Get SALT Encoding   

  12  0:01  SCV  
  13  0:13  SCV  
  14  0:17  Supply Depot  
  14  0:26  SCV  
  15  0:39  Barracks, SCV  
  16  0:49  Refinery  
  16  0:51  SCV  
  17  1:03  SCV  
  18  1:15  SCV  
  19  1:20  Supply Depot  
  19  1:27  Orbital Command  
  19  1:35  Barracks Reactor  
  19  1:49  Command Center  
  19  1:54  SCV  
  20  2:06  SCV  
  21  2:11  Marine x2  
  23  2:18  SCV  
  23  2:19  Barracks  
  24  2:29  Marine x2  
  26  2:30  SCV  
  27  2:42  SCV  
  28  2:47  Barracks  
  28  2:55  Marine x2  
  30  3:01  Orbital Command  
  30  3:06  SCV  
  31  3:14  Barracks Tech Lab  
  31  3:18  SCV  
  32  3:20  Factory, Marine  
  32  3:21  Marine  
  34  3:29  SCV  
  34  3:30  SCV  
  36  3:35  Barracks Reactor  
  36  3:36  Stimpack  
  36  3:38  Marine  
  37  3:41  SCV  
  37  3:42  SCV  
  37  3:44  Marine x2, Bunker  
  41  3:52  Supply Depot  
  41  3:53  SCV  
  41  3:54  SCV  
  43  3:56  Supply Depot, Marine  
  43  3:57  Engineering Bay  
  43  4:02  Marine  
  45  4:05  SCV  
  45  4:08  Starport  
  46  4:13  Marine x3  
  46  4:14  SCV  
  46  4:15  Factory Reactor  
  50  4:17  SCV  
  50  4:19  Supply Depot  
  50  4:23  Refinery  
  51  4:25  Marine x2  
  51  4:26  SCV  
  51  4:30  SCV  
  51  4:31  Refinery  
  55  4:38  SCV  
  56  4:42  Refinery  
  56  4:50  SCV x2  
  56  4:52  Terran Infantry Weapons Level 1  
  58  4:59  Marine x5  
  62  5:02  SCV  
  64  5:09  SCV  
  64  5:11  Medivac  
  64  5:14  SCV  
  68  5:16  Marine  
  68  5:17  Marine  
  70  5:28  Command Center  
  70  5:52  Supply Depot  
  70  5:53  Supply Depot  
  70  5:55  Supply Depot  
  70  6:13  Marine x4, Medivac x2  
  70  6:14  Marine  
  79  6:27  Factory  
  79  6:28  Factory  
  79  6:31  Marine x3  
  80  7:17  Factory Tech Lab  
  80  7:18  Factory Tech Lab x2  
  80  7:22  Engineering Bay  
  80  7:23  Command Center  
  80  7:24  Armory  
  80  7:27  Armory  
  80  7:43  Orbital Command  
  80  7:45  SCV  
  80  7:46  SCV  
  82  7:55  Terran Infantry Armor Level 1  
  82  7:58  SCV x2  
  84  8:08  Marine x4  
  84  8:09  Marine  
  84  8:10  SCV x2  
  91  8:13  SCV  
  92  8:22  SCV x2  
  92  8:25  SCV  
  92  8:26  Marine x5  
  101  8:34  SCV x2  
  102  8:43  Marine, Orbital Command  
  102  8:44  Marine x4  
  102  8:46  Thor x2  
  119  8:50  Medivac  
  119  8:51  Medivac  
  119  9:03  Thor  
  124  9:28  SCV  
  124  9:30  SCV  
  124  9:31  SCV  
  124  9:33  SCV  
  124  10:16  Supply Depot  
  124  10:17  Supply Depot x2  
  124  10:18  Supply Depot  
  124  10:19  Supply Depot x2  
  124  10:34  Marine  
  124  10:35  SCV x2  
  124  10:36  Marine  
  124  10:37  Marine x2  
  124  10:38  Marine, SCV  
  124  10:39  SCV  
  147  10:47  SCV x2  
  149  10:50  SCV  
  149  10:51  SCV  
  149  10:52  Marine  
  149  10:53  Marine  
  149  10:55  Marine x2  
  149  10:56  Marine  
  156  10:59  SCV  
  156  11:03  SCV  
Show
View Real Time Build Order
Export as new Build Order

BilboBaggins Protoss 

Build Orders: Chargelot Immortal 

Get SALT Encoding   

  12  0:00  Probe  
  13  0:12  Probe  
  14  0:18  Pylon  
  14  0:25  Probe  
  15  0:28  Assimilator  
  15  0:37  Probe  
  16  0:45  Gateway  
  16  0:50  Probe  
  17  0:58  Probe  
  18  1:08  Probe  
  19  1:18  Gateway  
  19  1:20  Probe  
  20  1:30  Probe  
  20  1:32  Zealot  
  23  1:36  Assimilator  
  23  1:43  Pylon  
  23  1:57  Pylon  
  23  2:01  Probe  
  24  2:13  Probe  
  25  2:18  Assimilator  
  25  2:32  Zealot x2  
  28  2:41  Nexus  
  28  2:47  Probe  
  29  2:55  Probe  
  29  2:58  Cybernetics Core  
  29  3:04  Pylon  
  29  3:05  Probe  
  31  3:18  Zealot  
  31  3:19  Zealot  
  35  3:35  Robotics Facility  
  35  3:39  Gateway  
  35  3:44  Warp Gate  
  35  3:49  Stalker  
  37  3:58  Probe x2  
  39  4:10  Probe x2  
  39  4:11  Shield Battery  
  39  4:16  Pylon  
  41  4:22  Probe  
  41  4:23  Probe  
  43  4:29  Stalker  
  45  4:35  Probe x2  
  47  4:44  Assimilator  
  47  4:46  Assimilator  
  47  4:47  Probe x2  
  49  4:56  Immortal  
  53  5:02  Stalker  
  53  5:05  Probe  
  53  5:06  Probe  
  57  5:11  Stalker  
  59  5:32  Stalker  
  61  5:36  Observer  
  61  5:40  Shield Battery  
  62  5:45  Forge  
  62  5:53  Gateway  
  62  5:56  Warp Prism  
  64  6:09  Twilight Council  
  64  6:15  Pylon  
  64  6:18  Pylon  
  64  6:25  Shield Battery  
  56  6:33  Immortal, Photon Cannon  
  56  6:34  Zealot x3  
  40  6:54  Zealot x4  
  40  7:01  Probe  
  48  7:09  Probe, Charge  
  48  7:11  Warp Prism  
  51  7:16  Zealot x3  
  51  7:17  Zealot  
  51  7:18  Probe  
  60  7:29  Protoss Ground Weapons Level 1  
  60  8:29  Pylon  
  60  8:35  Pylon  
  60  8:46  Probe  
  60  8:47  Immortal  
  65  8:50  Blink  
  65  8:58  Probe  
  66  9:10  Probe  
  67  9:26  Immortal  
  71  9:39  Stalker  
  71  9:40  Stalker  
  71  9:41  Stalker  
  71  9:42  Stalker  
  79  10:01  Nexus  
  73  10:53  Zealot x2  
  73  10:56  Zealot  
Tags
 
Add a new tag
Caveats
  • Supply blocks, unpowered buildings, or Contaminate may cause inaccurate times.
  • Supply counts are checked every 10 seconds.